Map: Acropolis LE

Players

SixNine

  • Race: Terran Terran
  • League: Diamond
  • Spawn Location: 11:00

SkyFlare - Winner!

  • Race: Zerg Zerg
  • Spawn Location: 5:00

VOD

Have the link to the VOD?

Description

Time

  • Played on: Nov. 18, 2019, 6:18 a.m.
  • Length: 12:14
Show
View Real Time Build Order
Export as new Build Order

SixNine Terran 

Build Orders:  

Get SALT Encoding   

  12  0:01  SCV  
  13  0:13  SCV  
  14  0:17  Supply Depot  
  14  0:25  SCV  
  14  0:28  Refinery  
  15  0:39  SCV  
  16  0:45  Barracks  
  16  0:51  SCV  
  17  1:04  SCV  
  18  1:16  SCV  
  21  1:32  Reaper  
  21  1:34  Orbital Command  
  20  1:44  Command Center  
  20  1:54  Supply Depot  
  20  2:01  SCV, Refinery  
  21  2:04  Marine  
  22  2:13  SCV  
  23  2:18  Factory  
  23  2:25  Barracks Reactor, SCV  
  24  2:43  SCV  
  25  2:53  Barracks  
  25  2:55  SCV  
  25  2:56  Orbital Command  
  26  3:00  Supply Depot  
  26  3:07  Starport  
  26  3:08  SCV  
  26  3:09  Barracks Tech Lab  
  27  3:20  Hellion x2  
  27  3:26  SCV x2  
  33  3:31  Supply Depot  
  33  3:38  SCV x2  
  33  3:40  Marine x2  
  37  3:49  Hellion x2  
  37  3:52  Medivac  
  37  3:55  SCV  
  44  3:56  SCV  
  44  4:00  Supply Depot  
  45  4:04  Stimpack  
  45  4:05  Marine  
  45  4:08  Marine  
  48  4:10  SCV  
  48  4:11  SCV  
  48  4:15  Hellion  
  51  4:19  Hellion  
  51  4:23  SCV x2  
  55  4:30  Marine x2  
  57  4:35  SCV x2, Supply Depot  
  59  4:40  Medivac  
  59  4:42  Hellion  
  59  4:44  Hellion  
  65  4:47  SCV  
  65  4:48  SCV  
  67  4:56  Armory  
  67  4:59  Marine x2  
  68  5:02  SCV x2  
  71  5:09  Hellion x2  
  76  5:14  SCV x2  
  76  5:17  Marine  
  78  5:26  Supply Depot  
  78  5:27  Supply Depot  
  78  5:29  Command Center  
  78  5:47  Marine  
  79  5:50  SCV x2  
  79  5:52  Refinery  
  79  5:54  Refinery  
  79  5:56  Engineering Bay, Terran Vehicle And Ship Armor Level 1  
  81  5:57  Starport Reactor, Engineering Bay  
  81  5:58  Combat Shield  
  81  6:02  SCV  
  82  6:15  Marine x2  
  82  6:20  Barracks, Widow Mine x2  
  82  6:21  Barracks  
  82  6:22  Barracks  
  54  6:33  Marine  
  54  6:36  SCV x2  
  54  6:37  Terran Infantry Weapons Level 1  
  54  6:38  Terran Infantry Armor Level 1  
  56  6:48  Marine  
  56  6:50  Medivac x2, Marine, Widow Mine x2  
  66  6:55  Supply Depot  
  66  7:06  Marine  
  60  7:11  SCV x2  
  62  7:20  Barracks Reactor x2  
  62  7:21  Barracks Reactor  
  62  7:23  Barracks Reactor  
  62  7:24  Marine  
  62  7:26  Widow Mine x2  
  62  7:27  Medivac  
  62  7:28  Medivac  
  70  7:42  Marine  
  71  7:52  Widow Mine x2  
  71  7:53  SCV x2  
  71  7:56  Barracks  
  71  7:57  Barracks  
  77  7:59  Factory, Marine x7  
  77  8:00  Marine  
  85  8:17  Marine  
  86  8:20  Marine x7  
  86  8:21  Marine  
  86  8:22  Medivac x2, Widow Mine x2  
  102  8:34  SCV x2  
  102  8:35  Marine  
  102  8:38  Marine x4  
  109  8:42  Orbital Command  
  109  8:46  Barracks Tech Lab x2  
  109  8:49  Factory Tech Lab  
  109  8:58  Refinery  
  109  8:59  Refinery  
  109  9:07  Supply Depot  
  109  9:08  Supply Depot x2  
  109  9:17  Supply Depot  
  109  9:20  Supply Depot  
  109  9:23  Terran Infantry Weapons Level 2  
  109  9:24  Terran Infantry Armor Level 2  
  109  9:28  Marine x6  
  109  9:29  SCV x3, Marine x2  
  120  9:35  Marine x3  
  123  9:41  SCV x2  
  123  9:42  SCV  
  97  9:46  Marine  
  97  9:47  Marauder  
  97  9:50  Marine x3  
  97  9:51  Marine x3  
  100  9:53  Marauder  
  100  9:54  SCV  
  100  9:57  SCV x2  
  105  10:00  Command Center  
  105  10:01  Factory  
  105  10:04  Widow Mine x2  
  105  10:05  Drilling Claws, Widow Mine  
  111  10:09  Marine x6  
  111  10:10  Marine x2  
  119  10:24  Marine x3  
  122  10:32  Marine  
  122  10:33  Marine x6  
  122  10:35  Widow Mine  
  131  10:37  Widow Mine  
  131  10:42  Marauder x3  
  139  10:46  Factory Reactor  
  139  10:48  Marine  
  140  10:50  Marine x2  
  142  11:03  Marauder  
  142  11:04  Marauder, Marine  
  142  11:05  Marine x3  
  142  11:06  Widow Mine  
  142  11:10  Supply Depot x3  
  148  11:11  Widow Mine x2  
  148  11:18  Marine x2  
  152  11:19  Marauder  
  154  11:26  Refinery  
  154  11:31  Refinery  
  102  11:48  Marine x3  
  102  11:49  Marine x5  
  102  11:50  Marauder x2  
Show
View Real Time Build Order
Export as new Build Order

SkyFlare Zerg - Winner!

Build Orders: Hatch First 

Get SALT Encoding   

  12  0:01  Drone  
  13  0:12  Overlord  
  13  0:16  Drone  
  14  0:30  Drone x2  
  16  0:49  Hatchery  
  15  0:52  Drone  
  15  0:55  Drone  
  17  0:58  Drone  
  18  1:08  Extractor  
  17  1:13  Spawning Pool  
  17  1:16  Drone  
  17  1:21  Drone  
  18  1:29  Drone  
  19  1:39  Drone  
  20  1:50  Drone  
  21  2:03  Queen x2  
  21  2:04  Zergling x4  
  27  2:12  Drone  
  28  2:17  Hatchery  
  27  2:23  Overlord  
  27  2:35  Spore Crawler  
  26  2:44  Drone x5  
  32  2:51  Metabolic Boost  
  32  2:54  Overlord  
  32  2:56  Drone  
  33  3:03  Pneumatized Carapace  
  33  3:04  Queen  
  35  3:08  Drone  
  36  3:14  Drone x4  
  40  3:20  Drone x2  
  42  3:31  Drone x3  
  42  3:33  Queen  
  47  3:39  Overlord  
  47  3:47  Drone x2  
  49  3:52  Lair  
  49  3:55  Overlord  
  49  4:07  Drone, Extractor  
  49  4:08  Drone x3  
  52  4:10  Queen  
  54  4:18  Drone x7  
  54  4:21  Queen  
  63  4:26  Overlord  
  63  4:31  Zergling x4  
  63  4:36  Drone  
  63  4:37  Drone, Evolution Chamber x2  
  65  4:48  Zergling x10  
  70  4:55  Zergling x6  
  70  4:59  Baneling Nest, Queen  
  74  5:02  Overlord  
  74  5:05  Zerg Melee Weapons Level 1, Zerg Ground Armor Level 1  
  74  5:06  Overlord x2  
  74  5:14  Overlord  
  74  5:16  Overlord  
  74  5:22  Drone, Extractor  
  74  5:23  Drone, Extractor  
  74  5:30  Drone  
  74  5:31  Drone x3  
  74  5:32  Drone x2  
  74  5:33  Zergling x4  
  82  5:35  Hatchery  
  81  5:43  Centrifical Hooks  
  81  5:48  Drone x6  
  87  5:53  Baneling  
  87  5:54  Baneling x5  
  87  6:00  Zergling x8  
  87  6:01  Hatchery, Zergling x4  
  91  6:05  Baneling x4  
  91  6:06  Baneling  
  91  6:08  Zergling x4  
  90  6:22  Zergling x16  
  79  6:33  Queen  
  79  6:35  Zergling x8  
  85  6:42  Queen, Infestation Pit  
  85  6:44  Drone  
  85  6:45  Drone  
  83  7:02  Zergling x12  
  83  7:06  Zerg Ground Armor Level 2, Zerg Melee Weapons Level 2  
  88  7:09  Drone x9  
  88  7:10  Drone  
  88  7:12  Extractor  
  88  7:13  Extractor  
  96  7:21  Drone x3  
  99  7:25  Overlord  
  99  7:26  Overlord  
  99  7:27  Hive  
  99  7:28  Burrow  
  99  7:30  Drone x2, Extractor  
  99  7:31  Extractor  
  99  7:32  Drone x3  
  102  7:38  Drone x3  
  102  7:39  Drone x3  
  102  7:40  Drone  
  102  7:41  Drone x2  
  111  7:51  Overlord  
  111  7:52  Overlord  
  111  7:54  Zergling x26  
  124  8:02  Overseer  
  124  8:07  Drone x3  
  124  8:12  Overlord x4  
  127  8:13  Spire  
  127  8:16  Baneling x6  
  127  8:17  Hatchery, Baneling x14  
  127  8:19  Overseer x3  
  125  8:25  Overseer  
  125  8:47  Adrenal Glands  
  125  8:50  Ultralisk Cavern, Zergling x2  
  125  8:51  Zergling x44  
  147  9:15  Baneling x18  
  147  9:16  Zergling x18  
  147  9:17  Zergling x6  
  159  9:24  Zerg Melee Weapons Level 3, Zerg Ground Armor Level 3  
  153  9:45  Chitinous Plating  
  128  9:55  Zerg Flyer Weapons Level 1  
  128  9:58  Drone, Extractor  
  128  9:59  Drone x2, Extractor  
  130  10:00  Drone x3  
  130  10:02  Corruptor x4  
  130  10:04  Zergling x24  
  130  10:05  Zergling x8  
  156  10:23  Ultralisk x2  
  168  10:35  Overseer  
  168  10:39  Corruptor x3  
  168  10:40  Corruptor x2  
  178  10:43  Zergling x2  
  178  10:44  Hatchery  
  178  10:45  Overlord x7  
  178  11:04  Anabolic Synthesis  
  152  11:05  Ultralisk x3  
  152  11:07  Zergling x16  
  178  11:20  Zergling x20  
  178  11:21  Zergling x6  
  188  11:41  Zergling x10  
  187  11:49  Baneling x17  
  187  11:50  Baneling  
Tags
 
League
Diamond
Matchup
TvZ
Spawn Locations
Cross Positions
Add a new tag
Caveats
  • Supply blocks, unpowered buildings, or Contaminate may cause inaccurate times.
  • Supply counts are checked every 10 seconds.